 Dungeon Crawl Stone Soup version 0.30-a0-557-ge2afbf3030 (webtiles) character file.

Game seed: 12492885222888876048

48 MineK the Shield-Bearer (level 3, -4/22 (23) HPs)
             Began as a Gargoyle Fighter on Dec 27, 2022.
             Slain by a wyvern zombie (6 damage)
             ... animated by the anger of Yredelemnul
             ... on level 3 of the Dungeon.
             The game lasted 00:09:53 (1544 turns).

MineK the Shield-Bearer (Gargoyle Fighter)          Turns: 1544, Time: 00:09:54

HP:   -4/22 (23)    AC: 11    Str: 21    XL:     3   Next: 72%
MP:   3/3           EV:  9    Int: 18    God:
Gold: 97            SH:  4    Dex:  9    Spells: 2/2 levels left

rFire   . . .      SeeInvis .    v - +3 mace of the Hierophant {drain, *Rage Fly rC+ Int+4}
rCold   + . .      Faith    .    c - +0 buckler
rNeg    + . .      Spirit   .    b - +0 scale mail
rPois   ∞          Reflect  .    r - +0 helmet
rElec   +          Harm     .    (no cloak)
rCorr   .          Rampage  .    (no gloves)
Will    .....      Rage     20%  (no boots) Stlth
                                 (no amulet)
HPRegen 0.23/turn                a - +6 ring of intelligence
MPRegen 0.08/turn                (no ring)

@: mighty, flying, lightly drained
A: sickness immunity, AC +3, negative energy resistance 1, electricity
resistance, torment resistance 1, petrification resistance
a: no special abilities


You were on level 3 of the Dungeon.
You visited 1 branch of the dungeon, and saw 3 of its levels.

You collected 97 gold pieces.

Inventory:

Hand Weapons
 v - the +3 mace of the Hierophant (weapon) {drain, *Rage Fly rC+ Int+4}
   (You found it on level 2 of the Dungeon)

   A truly terrible weapon, it drains the life of any living foe it strikes.
   Int:       It affects your intelligence (+4).
   rC:        It protects you from cold.
   Fly:       It grants you flight.
   *Rage:     It berserks you when you make melee attacks (+20% chance).
Armour
 b - a +0 scale mail (worn)
 c - a +0 buckler (worn)
 r - a +0 helmet (worn)
Jewellery
 a - a +6 ring of intelligence (left hand)
 g - a ring of ice
Scrolls
 e - 2 scrolls of identify
 f - a scroll of magic mapping
 l - a scroll of vulnerability {unknown}
 n - a scroll of fog
 o - a scroll of fear {unknown}
 p - 2 scrolls of teleportation {unknown}
 q - a scroll of amnesia {unknown}
 s - a scroll of enchant armour {unknown}
 t - 2 scrolls of blinking {unknown}
Potions
 h - a potion of curing {unknown}
 i - a potion of invisibility {unknown}
 k - a potion of heal wounds {unknown}
 m - 2 potions of berserk rage
 u - a potion of ambrosia {unknown}


   Skills:
 + Level 3.3 Fighting
 + Level 2.0 Maces & Flails
 - Level 3.2 Armour
 - Level 5.0 Shields


You had 2 spell levels left.
You didn't know any spells.
Your spell library was empty.

Dungeon Overview and Level Annotations

Branches:
Dungeon (3/15)

Altars:
Yredelemnul


Innate Abilities, Weirdness & Mutations

You are immune to sickness and miasma.
Your stone body is resilient. (AC +3)
You are immune to poison.
You resist negative energy. (rN+)
You are resistant to electric shocks. (rElec)
You are resistant to unholy torment.
You are immune to petrification.


Message History

You kill the giant cockroach!
Found 18 gold pieces and a dagger.
Found a yellow potion.
a - a yellow potion
Found 4 stones.
You now have 97 gold pieces (gained 18).
a - 2 yellow potions (gained 1) It was a potion of attraction.
You feel attractive to monsters.
You drop a potion of attraction.
Found a large silver ring.
Found a scroll of identify.
You feel less attractive to monsters.
e - 2 scrolls of identify (gained 1)
a - a +6 ring of intelligence You feel clever.
a - a +6 ring of intelligence (left hand) Yredelemnul sends a servant to punish you.
A wyvern zombie comes into view.
You barely miss the wyvern zombie.
The wyvern zombie bites you but does no damage.
You hit the wyvern zombie.
The wyvern zombie is lightly damaged.
The wyvern zombie bites you!
The wyvern zombie bites you but does no damage.
You feel very mighty all of a sudden. The wyvern zombie bites you.
You barely miss the wyvern zombie.
The wyvern zombie is lightly damaged.
The wyvern zombie barely misses you.
The wyvern zombie bites you but does no damage.
You barely miss the wyvern zombie.
The wyvern zombie is lightly damaged.
The wyvern zombie bites you!
* * * LOW HITPOINT WARNING * * *
You block the wyvern zombie's attack.
It was a potion of flight.
You feel more buoyant. The wyvern zombie bites you.
You die...

......>..........#.........#
#.#########................#
# # #...#.#............#
..#.###.#.###.......####
.....(....# ##.........#
.....##.#.# ####...##..
).......#.### ##......
..###...Z...# ##.####. .
#..@..#.#####..###
#...###..........# #...#
###........# #...#
#........# #...# #........#
#...# ########## #####


You could see a wyvern zombie.

Vanquished Creatures
  3 worms
  3 endoplasms
  A giant cockroach (D:3)
  5 goblins
  2 hobgoblins
  6 jackals (D:2)
  A quokka (D:1)
  3 ball pythons
  3 bats
  5 frilled lizards
  2 kobolds
  2 rats
36 creatures vanquished.

Vanquished Creatures (others)
  A plant (D:1)
1 creature vanquished.

Grand Total: 37 creatures vanquished

Notes
Turn   | Place    | Note
-------+----------+-------------------------------------------
     0 | D:1      | MineK the Gargoyle Fighter began the quest for the Orb.
     0 | D:1      | Reached XP level 1. HP: 14/14 MP: 1/1
   157 | D:1      | Reached XP level 2. HP: 19/19 MP: 2/2
   258 | D:1      | Found a faded altar of an unknown god.
   287 | D:1      | Reached skill level 4 in Shields
   298 | D:1      | Prayed at the altar of an unknown god.
   298 | D:1      | Became a worshipper of Yredelemnul the Dark
   298 | D:1      | Reached * piety under Yredelemnul
   305 | D:1      | Fell from the grace of Yredelemnul
   911 | D:2      | Reached XP level 3. HP: 18/23 MP: 3/3
   933 | D:2      | Identified the +3 mace of the Hierophant {drain, *Rage Fly
                  | rC+ Int+4}
  1416 | D:2      | Noticed a necrophage
  1466 | D:3      | Reached skill level 5 in Shields
  1544 | D:3      | Slain by a wyvern zombie

Illustrated notes

Levels and vault maps discovered:
D:1:      amcnicky_arrival_blooded_trapdoor, layout_rooms, serial_forest,
          infiniplex_forest_clump_curved, infiniplex_forest_clump_small,
          infiniplex_forest_split, infiniplex_forest_end_2,
          infiniplex_forest_end_1, infiniplex_forest_clump_small,
          infiniplex_forest_lined_2, infiniplex_forest_3_way,
          ebering_ecumenical_altar_abandoned, minmay_pentomino_p4
D:2:      layout_rooms
D:3:      layout_rooms, mainiacjoe_overflow_alcove_4, uniq_sigmund

Skill      XL: |  1  2  3 |
---------------+----------+-----
Shields        | 4 5 |  5.0
Fighting       | |  3.3
Maces & Flails | |  2.0
Armour         | |  3.2

Action                   || total
-------------------------++-------
Melee: Flail             ||    77
       Mace              ||    22
Invok: Renounce Religion ||     1
  Use: Scroll            ||     2
       Potion            ||     4
Armor: Scale mail        ||    49
Dodge: Dodged            ||    53
Block: Buckler           ||    19

Table legend: (Time is in decaauts)
 A = Elapsed time spent in this place.
 B = Non-inter-level travel time spent in this place.
 C = Inter-level travel time spent in this place.
 D = Time resting spent in this place.
 E = Time spent auto-exploring this place.
 F = Levels seen in this place.
 G = Mean time per level.
                   A        B        C        D        E       F      G
               +--------+--------+--------+--------+--------+-----+--------+
         Total |   1595 |   1595 |      0 |     84 |    911 |   3 |  531.7 |
       Dungeon |   1595 |   1595 |      0 |     84 |    911 |   3 |  531.7 |
               +--------+--------+--------+--------+--------+-----+--------+

Top non-repeatable levels by time:
     D:1: 789 daAuts
     D:2: 720 daAuts
     D:3: 84 daAuts
